TOP OF THE 1ST |
Blueville 83's batting - Pitching for Havana Rollers : RHP Suezo Morimoto
|
Pitching: RHP Suezo Morimoto
|
|
Batting: SHB Bob Noble
|
0-0: Ground out 1-3 (Groundball, 13)
|
Batting: RHB Barney Lawson
|
0-0: Ball 1-0: SINGLE (Line Drive, 4M)
|
Batting: LHB Roberto Trujillo
|
0-0: Swinging Strike 0-1: Swinging Strike 0-2: Strikes out swinging
|
Batting: LHB António Glaviz
|
0-0: DOUBLE (Line Drive, 78S) Barney Lawson to third Runner from 3rd tries for Home, throw and OUT!
|
Top of the 1st over - 0 run(s), 2 hit(s), 0 error(s), 1 left on base; Blueville 0 - Havana 0 |
BOTTOM OF THE 1ST |
Havana Rollers batting - Pitching for Blueville 83's : LHP Pierre Dumont
|
Pitching: LHP Pierre Dumont
|
|
Batting: LHB Rafael Delgado
|
0-0: SINGLE (Groundball, 56) (infield hit)
|
Batting: RHB Francisco Rincón
|
0-0: Called Strike 0-1: Ball 1-1: Ball 2-1: Called Strike 2-2: Ground out 5-3 (Groundball, 5S) Rafael Delgado to second
|
Batting: RHB Paul Bailey
|
0-0: Called Strike Rafael Delgado steals 3rd base 0-1: Foul Ball, location: 2F 0-2: Ball 1-2: Fly out, F7 (Flyball, 7D) Runner from 3rd tags up, SCORES, no throw
|
Batting: SHB Yasuhiro Ikarashi
|
0-0: Ball 1-0: Called Strike 1-1: Ball 2-1: Swinging Strike 2-2: Ground out 6-3 (Groundball, 6)
|
Bottom of the 1st over - 1 run(s), 1 hit(s), 0 error(s), 0 left on base; Blueville 0 - Havana 1 |
TOP OF THE 2ND |
Blueville 83's batting - Pitching for Havana Rollers : RHP Suezo Morimoto
|
Batting: LHB Felipe Cruz
|
0-0: Ball 1-0: Fly out, F7 (Flyball, 7LS)
|
Batting: LHB Ron Robinson
|
0-0: Called Strike 0-1: Ball 1-1: Swinging Strike 1-2: Ball 2-2: Ground out 1-3 (Groundball, P)
|
Batting: SHB Jack Fountain
|
0-0: Called Strike 0-1: Called Strike 0-2: Foul Ball, location: 2F 0-2: Ball 1-2: Strikes out swinging
|
Top of the 2nd over - 0 run(s), 0 hit(s), 0 error(s), 0 left on base; Blueville 0 - Havana 1 |
BOTTOM OF THE 2ND |
Havana Rollers batting - Pitching for Blueville 83's : LHP Pierre Dumont
|
Batting: LHB Zhi-huan Loong
|
0-0: Ball 1-0: Ball 2-0: Ball 3-0: Base on Balls
|
Batting: RHB Jesús Villalobos
|
0-0: Ball 1-0: Ball 2-0: Foul Ball, location: 2F 2-1: Ball 3-1: Called Strike 3-2: Fielders Choice at 2nd, 5-4 (Groundball, 56)
|
Batting: LHB Shiro Ueno
|
0-0: Ball 1-0: Ball 2-0: Called Strike 2-1: Ball 3-1: Called Strike 3-2: 2-RUN HOME RUN (Flyball, 89XD), Distance : 431 ft
|
Batting: RHB Chad Case
|
0-0: Foul Ball, location: 2F 0-1: Ball 1-1: Swinging Strike 1-2: Ball 2-2: Ball 3-2: Foul Ball, location: 2F 3-2: Strikes out looking
|
Batting: RHB León Rivera
|
0-0: Called Strike 0-1: Ball 1-1: Ball 2-1: Called Strike 2-2: SINGLE (Groundball, 6D)
|
Batting: LHB Rafael Delgado
|
0-0: Foul Ball, location: 2F 0-1: Fly out, F8 (Flyball, 78S)
|
Bottom of the 2nd over - 2 run(s), 2 hit(s), 0 error(s), 1 left on base; Blueville 0 - Havana 3 |
TOP OF THE 3RD |
Blueville 83's batting - Pitching for Havana Rollers : RHP Suezo Morimoto
|
Batting: LHB Jacob Wright
|
0-0: Foul Ball, location: 2F 0-1: Ball 1-1: Called Strike 1-2: Ball 2-2: Ball 3-2: Base on Balls
|
Batting: LHB Dave Pitts
|
0-0: Called Strike 0-1: Ball 1-1: Ball 2-1: Called Strike 2-2: Fly out, F8 (Line Drive, 8LD)
|
Batting: SHB Bob Noble
|
0-0: Foul Ball, location: 2F 0-1: Foul Ball, location: 2F 0-2: SINGLE (Groundball, 6) (infield hit) Jacob Wright to second
|
Batting: RHB Barney Lawson
|
0-0: Ball 1-0: SINGLE (Line Drive, 56D) Jacob Wright to third Bob Noble to second Runner from 3rd tries for Home, SAFE, throw made home Bob Noble to third Barney Lawson to second
|
Batting: LHB Roberto Trujillo
|
0-0: Ball 1-0: Called Strike 1-1: Swinging Strike 1-2: Strikes out looking
|
Batting: LHB António Glaviz
|
0-0: Ball 1-0: Ball 2-0: Foul Ball, location: 2F 2-1: Ball 3-1: Base on Balls
|
Batting: LHB Felipe Cruz
|
0-0: Called Strike 0-1: Ball 1-1: Ball 2-1: Ball 3-1: Foul Ball, location: 2F 3-2: Base on Balls Bob Noble scores Barney Lawson to third António Glaviz to second
|
Batting: LHB Ron Robinson
|
0-0: Fielders Choice at 2nd, 5-4 (Groundball, 56)
|
Top of the 3rd over - 2 run(s), 2 hit(s), 0 error(s), 2 left on base; Blueville 2 - Havana 3 |
BOTTOM OF THE 3RD |
Havana Rollers batting - Pitching for Blueville 83's : LHP Pierre Dumont
|
Batting: RHB Francisco Rincón
|
0-0: SINGLE (Line Drive, 4M)
|
Batting: RHB Paul Bailey
|
0-0: Called Strike 0-1: Called Strike 0-2: Ground out 4-3 (Groundball, 34) Francisco Rincón to second
|
Batting: SHB Yasuhiro Ikarashi
|
0-0: Called Strike 0-1: Ball 1-1: Foul Ball, location: 2F 1-2: Ground out 4-3 (Groundball, 4) Francisco Rincón to third
|
Batting: LHB Zhi-huan Loong
|
0-0: Called Strike 0-1: Called Strike 0-2: Ball 1-2: Foul Ball, location: 2F 1-2: Ground out 6-3 (Groundball, 6MS)
|
Bottom of the 3rd over - 0 run(s), 1 hit(s), 0 error(s), 1 left on base; Blueville 2 - Havana 3 |
TOP OF THE 4TH |
Blueville 83's batting - Pitching for Havana Rollers : RHP Suezo Morimoto
|
Batting: SHB Jack Fountain
|
0-0: Ball 1-0: Called Strike 1-1: Ball 2-1: Ball 3-1: Fly out, F3 (Popup, 34)
|
Batting: LHB Jacob Wright
|
0-0: Ball 1-0: Called Strike 1-1: Ball 2-1: Foul Ball, location: 2F 2-2: Ground out U3 (Groundball, 34)
|
Batting: LHB Dave Pitts
|
0-0: Foul Ball, location: 2F 0-1: Ball 1-1: SINGLE (Line Drive, 5L)
|
Pitching: LHP Mike Doss
|
|
Batting: SHB Bob Noble
|
0-0: Ball 1-0: Ground out 3-1 (Groundball, 34)
|
Top of the 4th over - 0 run(s), 1 hit(s), 0 error(s), 1 left on base; Blueville 2 - Havana 3 |
BOTTOM OF THE 4TH |
Havana Rollers batting - Pitching for Blueville 83's : LHP Pierre Dumont
|
Batting: RHB Jesús Villalobos
|
0-0: Ball 1-0: Called Strike 1-1: Foul Ball, location: 2F 1-2: Strikes out swinging
|
Batting: LHB Shiro Ueno
|
0-0: Ball 1-0: Foul Ball, location: 2F 1-1: Fly out, F5 (Popup, 56S)
|
Batting: RHB Chad Case
|
0-0: Called Strike 0-1: Ball 1-1: Ball 2-1: Fly out, F8 (Flyball, 8LXD)
|
Bottom of the 4th over - 0 run(s), 0 hit(s), 0 error(s), 0 left on base; Blueville 2 - Havana 3 |
TOP OF THE 5TH |
Blueville 83's batting - Pitching for Havana Rollers : LHP Mike Doss
|
Batting: RHB Barney Lawson
|
0-0: Ball 1-0: Called Strike 1-1: Ball 2-1: Fly out, F7 (Flyball, 7)
|
Batting: LHB Roberto Trujillo
|
0-0: Called Strike 0-1: Ball 1-1: Ball 2-1: Foul Ball, location: 2F 2-2: Ball 3-2: Fly out, F5 (Line Drive, 5)
|
Batting: LHB António Glaviz
|
0-0: Called Strike 0-1: Ball 1-1: Called Strike 1-2: Ball 2-2: Fly out, F7 (Line Drive, 78D)
|
Top of the 5th over - 0 run(s), 0 hit(s), 0 error(s), 0 left on base; Blueville 2 - Havana 3 |
BOTTOM OF THE 5TH |
Havana Rollers batting - Pitching for Blueville 83's : LHP Pierre Dumont
|
Batting: RHB León Rivera
|
0-0: Called Strike 0-1: Ball 1-1: Called Strike 1-2: Foul Ball, location: 2F 1-2: Foul Ball, location: 2F 1-2: Ball 2-2: Ball 3-2: SINGLE (Line Drive, 8LS)
|
Batting: LHB Rafael Delgado
|
0-0: Ball León Rivera is caught stealing 2nd base 1-0: SINGLE (Flyball, 7S)
|
Batting: RHB Francisco Rincón
|
0-0: Called Strike 0-1: Called Strike Rafael Delgado is caught stealing 2nd base 0-2: SINGLE (Groundball, 4MD)
|
Pitching: RHP José Ruíz
|
|
Batting: RHB Paul Bailey
|
0-0: Swinging Strike 0-1: Foul Ball, location: 2F 0-2: SINGLE (Groundball, 4D) Francisco Rincón to second Runner from 2nd tries for 3rd, SAFE, no throw
|
Batting: SHB Yasuhiro Ikarashi
|
0-0: Ball 1-0: Ball 2-0: Ball Paul Bailey steals 2nd base 3-0: Base on Balls
|
Batting: LHB Zhi-huan Loong
|
0-0: Called Strike 0-1: Ball 1-1: Swinging Strike 1-2: Foul Ball, location: 2F 1-2: Ball 2-2: Ball 3-2: Foul Ball, location: 2F 3-2: Foul Ball, location: 2F 3-2: Strikes out looking
|
Bottom of the 5th over - 0 run(s), 4 hit(s), 0 error(s), 3 left on base; Blueville 2 - Havana 3 |
TOP OF THE 6TH |
Blueville 83's batting - Pitching for Havana Rollers : LHP Mike Doss
|
Batting: LHB Felipe Cruz
|
0-0: Ball 1-0: Swinging Strike 1-1: Ball 2-1: Foul Ball, location: 2F 2-2: Foul Ball, location: 2F 2-2: Strikes out looking
|
Batting: LHB Ron Robinson
|
0-0: Ball 1-0: Ball 2-0: Foul Ball, location: 2F 2-1: Called Strike 2-2: Ball 3-2: Ground out 4-3 (Groundball, 4)
|
Batting: SHB Jack Fountain
|
0-0: Ball 1-0: Fly out, F9 (Flyball, 89S)
|
Top of the 6th over - 0 run(s), 0 hit(s), 0 error(s), 0 left on base; Blueville 2 - Havana 3 |
BOTTOM OF THE 6TH |
Havana Rollers batting - Pitching for Blueville 83's : RHP José Ruíz
|
Batting: RHB Jesús Villalobos
|
0-0: Swinging Strike 0-1: Called Strike 0-2: Foul Ball, location: 2F 0-2: Ball 1-2: Ball 2-2: Ground out 1-3 (Groundball, 15S)
|
Batting: LHB Shiro Ueno
|
0-0: Called Strike 0-1: Hit by Pitch
|
Batting: RHB Chad Case
|
0-0: Ball 1-0: Fly out, F3 (Popup, 3)
|
Batting: RHB León Rivera
|
0-0: Called Strike 0-1: Swinging Strike 0-2: Strikes out swinging
|
Bottom of the 6th over - 0 run(s), 0 hit(s), 0 error(s), 1 left on base; Blueville 2 - Havana 3 |
TOP OF THE 7TH |
Blueville 83's batting - Pitching for Havana Rollers : LHP Mike Doss
|
Batting: LHB Jacob Wright
|
0-0: Ball 1-0: Called Strike 1-1: Ball 2-1: Called Strike 2-2: Ball 3-2: Strikes out looking
|
Batting: LHB Dave Pitts
|
0-0: Ball 1-0: Ball 2-0: Called Strike 2-1: Called Strike 2-2: Foul Ball, location: 2F 2-2: Strikes out looking
|
Batting: SHB Bob Noble
|
0-0: Called Strike 0-1: Ground out 6-3 (Groundball, 6)
|
Top of the 7th over - 0 run(s), 0 hit(s), 0 error(s), 0 left on base; Blueville 2 - Havana 3 |
BOTTOM OF THE 7TH |
Havana Rollers batting - Pitching for Blueville 83's : RHP José Ruíz
|
Batting: LHB Rafael Delgado
|
0-0: Ball 1-0: Ball 2-0: Ground out 5-3 (Groundball, 56S)
|
Batting: RHB Francisco Rincón
|
0-0: SINGLE (Groundball, 4D)
|
Batting: RHB Paul Bailey
|
0-0: Ball 1-0: Ball 2-0: Called Strike 2-1: Foul Ball, location: 2F 2-2: Foul Ball, location: 2F 2-2: Fly out, F9 (Line Drive, 89XD)
|
Pitching: RHP Félix Rivera
|
|
Batting: SHB Yasuhiro Ikarashi
|
0-0: Ball 1-0: Called Strike 1-1: Ball 2-1: Ball 3-1: Base on Balls Francisco Rincón to second
|
Pinch Runner at 2nd Jimmy Husted:
|
|
Batting: LHB Zhi-huan Loong
|
0-0: Called Strike 0-1: Called Strike 0-2: Strikes out swinging
|
Bottom of the 7th over - 0 run(s), 1 hit(s), 0 error(s), 2 left on base; Blueville 2 - Havana 3 |
TOP OF THE 8TH |
Blueville 83's batting - Pitching for Havana Rollers : LHP Mike Doss
|
Pitching: RHP Augusto Muñíz
|
|
Now at 3B: Mitsuharu Matsumoto
|
|
Batting: RHB Barney Lawson
|
0-0: Ball 1-0: Ball 2-0: Ball 3-0: Called Strike 3-1: Fly out, F9 (Flyball, 89S)
|
Batting: LHB Roberto Trujillo
|
0-0: Foul Ball, location: 2F 0-1: Ground out 6-3 (Groundball, 6)
|
Batting: LHB António Glaviz
|
0-0: Ball 1-0: Foul Ball, location: 2F 1-1: Ground out 1-3 (Groundball, 13)
|
Top of the 8th over - 0 run(s), 0 hit(s), 0 error(s), 0 left on base; Blueville 2 - Havana 3 |
BOTTOM OF THE 8TH |
Havana Rollers batting - Pitching for Blueville 83's : RHP Félix Rivera
|
Batting: RHB Jesús Villalobos
|
0-0: Ball 1-0: SINGLE (Groundball, 6MD)
|
Batting: LHB Shiro Ueno
|
0-0: Sac Bunt - play at first, batter OUT! 2-3 Jesús Villalobos to second
|
Pinch Hitting: SHB Pepe Piña
|
0-0: Intentional Walk
|
Pinch Hitting: RHB Brian Jackson
|
0-0: Called Strike 0-1: Foul Ball, location: 2F 0-2: SINGLE (Line Drive, 9S) Jesús Villalobos to third Pepe Piña to second Runner from 3rd tries for Home, SAFE, throw made home
|
Batting: LHB Rafael Delgado
|
0-0: Called Strike 0-1: Fielders Choice at 2nd, 3-6 (Groundball, 34) Pepe Piña to third
|
Batting: RHB Mitsuharu Matsumoto
|
0-0: Ball 1-0: Foul Ball, location: 2F 1-1: Called Strike 1-2: Fielders Choice at 2nd, 5-4 (Groundball, 56)
|
Bottom of the 8th over - 1 run(s), 2 hit(s), 0 error(s), 1 left on base; Blueville 2 - Havana 4 |
TOP OF THE 9TH |
Blueville 83's batting - Pitching for Havana Rollers : RHP Augusto Muñíz
|
Pitching: RHP Valentín Luna
|
|
Now at SS: Soshu Nakamura
|
|
Now in RF: Enrique Cortéz
|
|
Batting: LHB Felipe Cruz
|
0-0: Ball 1-0: Ground out 4-3 (Groundball, 4)
|
Batting: LHB Ron Robinson
|
0-0: Called Strike 0-1: Ground out 6-3 (Groundball, 6)
|
Batting: SHB Jack Fountain
|
0-0: Called Strike 0-1: Foul Ball, location: 2F 0-2: Ball 1-2: Fly out, F8 (Flyball, 8RXD)
|
Top of the 9th over - 0 run(s), 0 hit(s), 0 error(s), 0 left on base; Blueville 2 - Havana 4 |
|